Map: Lost Temple

Players

Sebbelino

  • Race: Terran Terran
  • Spawn Location: 12:00

Kevin - Winner!

  • Race: Terran Terran
  • Spawn Location: 3:00

VOD

Have the link to the VOD?

Description

Time

  • Played on: Jan. 22, 2022, 4:16 p.m.
  • Length: 11:15
Show
View Real Time Build Order
Export as new Build Order

Sebbelino Terran 

Build Orders:  

Get SALT Encoding   

  12  0:11  Supply Depot  
  12  0:22  Engineering Bay  
  12  0:25  SCV  
  13  0:46  Barracks  
  13  0:48  SCV  
  14  1:31  Refinery  
  14  1:42  Refinery  
  14  1:43  Command Center  
  14  1:45  SCV  
  15  1:57  SCV  
  16  2:17  Barracks Reactor  
  16  2:30  Engineering Bay  
  16  2:40  SCV  
  17  2:52  SCV  
  19  2:58  SCV  
  19  3:10  SCV  
  20  3:22  SCV  
  20  3:24  Terran Infantry Weapons Level 1  
  21  3:29  Marine  
  21  3:30  Marine  
  23  3:39  Barracks  
  23  3:44  Neosteel Armor  
  23  3:58  SCV  
  24  4:03  Refinery  
  24  4:06  Refinery  
  24  4:07  Marine x2  
  26  4:10  SCV  
  27  4:17  Planetary Fortress  
  27  4:31  Barracks Reactor  
  27  4:45  Marine x2, Supply Depot  
  29  4:53  SCV  
  29  4:56  SCV  
  31  5:02  Marine  
  31  5:05  SCV  
  33  5:15  Marine x2  
  33  5:17  SCV  
  33  5:18  Terran Infantry Armor Level 1, Marine  
  37  5:34  Factory  
  37  5:45  Marine x2  
  37  5:47  Marine x2  
  41  5:56  Supply Depot  
  41  6:03  SCV  
  42  6:11  Marine x2  
  44  6:12  Marine x2  
  44  6:17  SCV  
  47  6:29  SCV  
  48  6:38  Armory  
  48  6:45  Starport  
  48  6:56  Planetary Fortress  
  48  7:26  Starport  
  48  7:31  Fusion Core  
  48  7:32  Terran Vehicle And Ship Armor Level 1  
  48  7:33  Marine  
  48  7:34  Marine  
  48  7:35  Marine x2  
  52  7:43  Supply Depot  
  52  7:51  Terran Infantry Weapons Level 2, Marine x2  
  54  8:04  SCV, Marine x2  
  57  8:08  Supply Depot  
  57  8:09  Marine  
  58  8:16  SCV  
  59  8:21  Starport Tech Lab  
  59  8:25  Starport Tech Lab  
  59  8:28  SCV  
  59  8:30  Hi-Sec Auto Tracking  
  59  8:33  Weapon Refit  
  60  8:45  SCV  
  61  8:57  SCV  
  62  9:06  Marine x2  
  62  9:07  Marine x2  
  62  9:09  SCV  
  23  10:07  Marine x2  
  23  10:09  Marine x2  
  20  10:34  Marine x2  
  22  10:36  Marine  
  22  10:37  Marine  
  19  10:51  SCV  
  20  10:57  Marine x2  
Show
View Real Time Build Order
Export as new Build Order

Kevin Terran - Winner!

Build Orders:  

Get SALT Encoding   

  12  0:00  SCV  
  13  0:15  Supply Depot  
  13  0:18  SCV  
  14  0:30  SCV  
  14  0:33  Refinery  
  15  0:47  Barracks  
  15  0:51  Refinery  
  15  0:52  SCV  
  16  1:22  SCV  
  17  1:34  SCV  
  17  1:37  Engineering Bay  
  18  1:46  SCV  
  19  1:56  Factory  
  19  1:58  Marine  
  20  2:05  Barracks  
  20  2:12  Engineering Bay  
  20  2:16  Marine  
  20  2:20  Supply Depot  
  21  2:24  SCV  
  22  2:34  Marine  
  23  2:46  Starport  
  23  2:52  Marine  
  24  3:01  Factory Tech Lab  
  24  3:02  Barracks Reactor  
  24  3:06  SCV  
  24  3:09  Marine  
  26  3:14  Supply Depot  
  26  3:18  SCV  
  27  3:26  Starport Tech Lab  
  27  3:27  Marine  
  28  3:42  Marine x2  
  28  3:45  Marine  
  31  3:54  Banshee  
  34  4:00  Marine x2  
  34  4:01  SCV  
  37  4:03  Marine  
  38  4:10  Starport  
  38  4:17  Marine  
  39  4:28  Supply Depot  
  39  4:49  Marine x2, Banshee  
  39  4:52  Supply Depot  
  44  4:55  Starport Tech Lab  
  44  5:06  Barracks  
  45  5:15  Supply Depot  
  45  5:17  Supply Depot  
  45  5:25  Barracks Tech Lab  
  45  5:27  Banshee  
  47  5:32  Banshee  
  47  5:33  Cloaking Field  
  50  5:36  Marine  
  50  5:37  Marine  
  52  5:54  Marine  
  53  6:07  Marauder  
  55  6:28  Marauder  
  57  6:39  Command Center  
  57  6:45  Marine  
  57  6:46  Marine  
  59  6:49  Marauder  
  61  6:56  Banshee  
  64  7:03  Marine  
  64  7:07  Barracks Tech Lab  
  65  7:11  Marauder  
  67  7:18  Refinery  
  67  7:20  Banshee  
  67  7:22  Combat Shield  
  70  7:35  Supply Depot  
  70  7:51  Siege Tank  
  73  8:32  Orbital Command  
  73  8:41  Concussive Shells  
  73  8:50  Marauder  
  73  8:51  Marauder, Marine  
  70  9:12  Marauder x2  
  74  9:33  Marauder  
  74  9:34  Marauder  
  69  9:54  Marauder  
Tags
 
Matchup
TvT
Race
Terran
Spawn Locations
Close Positions
Add a new tag
Caveats
  • Supply blocks, unpowered buildings, or Contaminate may cause inaccurate times.
  • Supply counts are checked every 10 seconds.